 Dungeon Crawl Stone Soup version 0.26.1-2-gb8aa6d0cf2 (webtiles) character file.

Game seed: 7772405394395690460

21105 windgrace the Cleaver (level 12, -5/110 HPs)
             Began as a Minotaur Fighter on Feb 9, 2021.
             Was the Champion of the Shining One.
             Killed from afar by a frost giant (36 damage)
             ... with a bolt of cold
             ... in an ice cave.
             The game lasted 01:06:50 (11668 turns).

windgrace the Cleaver (Minotaur Fighter)           Turns: 11668, Time: 01:06:51

Health: -5/110     AC: 24    Str: 32    XL:     12   Next: 51%
Magic:  3/5        EV: 10    Int:  5    God:    the Shining One [******]
Gold:   766        SH:  0    Dex: 10    Spells: 11/11 levels left

rFire    + . .     SeeInvis .   u - +2 flail of Beacsal {antimagic, +Rage rElec Str+6}
rCold    . . .     Faith    +   m - +0 kite shield
rNeg     + + +     Spirit   .   X - +3 chain mail {rF+}
rPois    +         Reflect  .   (helmet restricted)
rElec    +         Harm     .   (no cloak)
rCorr    .         Rampage  .   n - +1 pair of gloves
Will     .....                  V - +2 pair of boots
Stlth    ..........             y - amulet of faith
HPRegen  0.28/turn              L - ring of poison resistance
MPRegen  0.09/turn              J - +4 ring of protection

@: confused, glowing
A: retaliatory headbutt, claws 1, horns 2, blurry vision 1
a: Renounce Religion, Evoke Berserk Rage, Divine Shield, Cleansing Flame, Summon
Divine Warrior, Brand Weapon With Holy Wrath


You were in an ice cave.
You worshipped the Shining One.
The Shining One was exalted by your worship.
You visited 2 branches of the dungeon, and saw 12 of its levels.
You also visited: Sewer and Ice Cave.

You collected 766 gold pieces.

Inventory:

Hand Weapons
 u - the +2 flail of Beacsal (weapon) {antimagic, +Rage rElec Str+6}
   (You found it on level 9 of the Dungeon)

   It reduces the magical energy of the wielder, and disrupts the spells and
   magical abilities of those hit.
   Natural abilities and divine invocations are not affected.
   It affects your strength (+6).
   It insulates you from electricity.
   It lets you go berserk.
 v - a +5 war axe
 I - a +1 spear of flaming
 O - a +1 whip of freezing
Missiles
 h - 79 sling bullets
 s - 250 stones (quivered)
 w - 29 poisoned darts
 K - 11 boomerangs
Armour
 m - a +0 kite shield (worn)
 n - a +1 pair of gloves (worn)
 C - a +0 troll leather armour {Purgy}
 V - a +2 pair of boots (worn)
 X - a +3 chain mail of fire resistance (worn)
 Y - a +0 robe of willpower
Jewellery
 y - an amulet of faith (around neck)
 J - a +4 ring of protection (right hand)
 L - a ring of poison resistance (left hand)
 R - an uncursed ring of flight
 Z - an uncursed amulet of regeneration {unknown}
Wands
 p - a wand of paralysis (9)
 t - a wand of iceblast (8)
 A - a wand of polymorph (6)
 D - a wand of flame (32)
 P - a wand of enslavement (8)
 U - a wand of digging (4)
 W - a wand of disintegration (14)
Scrolls
 a - a scroll of summoning
 e - a scroll of immolation
 f - 2 scrolls of fear
 x - 2 scrolls of random uselessness {unknown}
 z - 4 scrolls of remove curse
 B - 3 scrolls of identify
 H - 8 scrolls of teleportation
 M - 6 scrolls of magic mapping
 S - 2 scrolls of amnesia {unknown}
 T - 2 scrolls of fog {unknown}
Potions
 b - 4 potions of attraction {unknown}
 d - a potion of might
 j - 2 potions of mutation
 k - a potion of resistance
 l - 7 potions of curing
 E - 2 potions of brilliance
 F - 2 potions of haste {unknown}
 G - a potion of magic {unknown}
 N - 4 potions of lignification
 Q - 2 potions of degeneration {unknown}


   Skills:
 + Level 11.2 Fighting
 - Level 13.9(14.5) Axes
 + Level 7.6(11.7) Maces & Flails
 - Level 0.6(9.2) Polearms
 + Level 9.1 Armour
 - Level 4.1 Dodging
 - Level 1.4 Stealth
 + Level 11.1 Shields
 + Level 5.8 Invocations


You had 11 spell levels left.
You didn't know any spells.
Your spell library contained the following spells:

 Spells                   Type           Power        Failure   Level
 Corona                   Hex            0%           97%         1
 Magic Dart               Conj           0%           97%         1
 Blink                    Tloc           N/A          99%         2
 Call Imp                 Summ           0%           99%         2
 Ensorcelled Hibernation  Hex/Ice        0%           99%         2
 Slow                     Hex            0%           99%         2
 Confusing Touch          Hex            0%           100%        3
 Conjure Flame            Conj/Fire      0%           100%        3
 Dazzling Flash           Conj/Hex       0%           100%        3
 Mephitic Cloud           Conj/Pois/Air  0%           100%        3
 Tukima's Dance           Hex            0%           100%        3


Dungeon Overview and Level Annotations

Branches:
Dungeon (10/15)            Temple (0/1) D:4            Lair (2/6) D:10
  Sewer (visited)           IceCv (1/1)
  Swamp: Lair:2-4    Shoals: Lair:2-4     Snake: Lair:2-4    Spider: Lair:2-4
    Orc: D:9-12

Altars:
Ashenzari
Elyvilon
Fedhas
Kikubaaqudgha
Makhleb
Nemelex Xobeh
Qazlal
Ru
Uskayaw
Vehumet
Xom
The Shining One

Annotations:
Lair:2 3 runed translucent doors


Innate Abilities, Weirdness & Mutations

You reflexively headbutt those who attack you in melee.
You have a pair of horns on your head.
You have sharp fingernails.
Scrolls take you a little longer to read.


Message History

You headbutt the frost giant, but do no damage.
The frost giant is moderately wounded.
The wolf bites you but does no damage.
The frost giant points at you and mumbles some strange words.
The bolt of cold hits you!! You block the wolf's attack.
The frost giant points at you and mumbles some strange words.
The bolt of cold hits you!!!
* * * LOW HITPOINT WARNING * * *
The golden flame engulfs you but does no damage.
The golden flame engulfs the wolf.
The wolf is moderately wounded.
The golden flame engulfs the frost giant!
The frost giant is heavily wounded.
The wolf bites you but does no damage. You block the wolf's attack.
You are confused.
You feel invigorated.
The wolf bites you but does no damage. x2
The frost giant gestures at you while chanting.
The bolt of cold hits you!!!
You die...

#..#
#..##
##..#
#..#
##.#
##..#
#..##
#..#
##@##
#hC#
#h##
#Y†#
##.hY
Y....
#......
......
....##


You could see a frost giant, a yak and 2 wolves.

Vanquished Creatures
  Harold (D:7)
  2 hydras (Lair:1)
  A centaur warrior (D:8)
  2 two-headed ogres
  An unseen horror (D:8)
  Pikel (D:4)
  An orc sorcerer (D:9)
  An ugly thing (D:8)
  The ghost of KittyFluff the Twirler, a novice GrBe of Trog (D:5)
  An ice statue (IceCv)
  4 cane toads (Lair:1)
  A komodo dragon (Lair:2)
  Prince Ribbit (D:7)
  2 trolls
  11 polar bears (IceCv)
  14 blink frogs
  7 yaks
  A wraith (D:9)
  Grum (D:9)
  A basilisk (Lair:1)
  2 water moccasins (Lair:1)
  Duvessa (D:7)
  An orc warrior (D:7)
  Purgy (Sewer)
  2 black bears
  An ice beast (D:9)
  4 sky beasts
  A necrophage (D:7)
  2 phantoms
  An eye of draining (D:9)
  13 wolves
  7 ogres
  4 centaurs
  2 big kobolds (D:9)
  10 bullfrogs
  A wyvern zombie (D:6)
  3 scorpions
  Dowan (D:7)
  3 wights (D:9)
  5 electric eels
  3 bullfrog zombies
  12 hounds
  4 orc priests
  A jelly (D:10)
  2 bullfrog skeletons
  3 iguanas
  9 orc wizards
  9 worker ants
  A killer bee zombie (D:6)
  A hound zombie (D:9)
  A hound skeleton (D:5)
  A howler monkey skeleton (D:4)
  17 adders
  2 river rats (D:3)
  A shadow imp (D:6)
  16 white imps
  2 ufetubi
  An ooze (D:7)
  An adder zombie (D:7)
  2 worms
  5 dart slugs
  4 leopard geckos
  21 orcs
  9 giant cockroaches
  15 goblins
  8 hobgoblins
  4 jackals
  2 quokkas
  6 ball pythons
  9 bats
  10 frilled lizards
  A jackal skeleton (D:8)
  18 kobolds
  A leopard gecko skeleton (D:4)
  4 rats
326 creatures vanquished.

Vanquished Creatures (others)
  An ice beast (D:9)
  2 fungi (Lair:1)
  2 plants (D:9)
  7 withered plants (D:5)
12 creatures vanquished.

Grand Total: 338 creatures vanquished

Notes
Turn   | Place    | Note
-------+----------+-------------------------------------------
     0 | D:1      | windgrace the Minotaur Fighter began the quest for the Orb.
     0 | D:1      | Reached XP level 1. HP: 19/19 MP: 0/0
   169 | D:1      | Reached XP level 2. HP: 27/27 MP: 1/1
   520 | D:1      | Found a shimmering altar of Xom.
   528 | D:1      | Found a hide-covered altar of Uskayaw.
   528 | D:1      | Found a white marble altar of Elyvilon.
   532 | D:1      | Found a bloodstained altar of Trog.
   532 | D:1      | Found a shimmering altar of Xom.
   532 | D:1      | Found a glowing golden altar of the Shining One.
  1247 | D:2      | Reached XP level 3. HP: 33/33 MP: 2/2
  1385 | D:2      | Found a faded altar of an unknown god.
  1394 | D:2      | Became a worshipper of the Shining One
  1394 | D:2      | Reached * piety under the Shining One
  1721 | D:2      | Reached XP level 4. HP: 40/40 MP: 3/3
  1783 | D:2      | Reached skill level 1 in Axes
  2375 | D:3      | Reached skill level 2 in Axes
  2380 | D:3      | Reached XP level 5. HP: 40/47 MP: 4/4
  2433 | D:3      | Found a glowing drain.
  2444 | Sewer    | Entered a sewer
  2528 | Sewer    | Noticed Purgy
  2528 | Sewer    | Reached ** piety under the Shining One
  2539 | Sewer    | Killed Purgy
  2540 | Sewer    | Reached skill level 3 in Axes
  2645 | Sewer    | Reached XP level 6. HP: 55/55 MP: 5/5
  3030 | D:3      | Reached skill level 1 in Dodging
  3258 | D:3      | Found a sacrificial altar of Ru.
  3261 | D:3      | Reached skill level 5 in Fighting
  3261 | D:3      | Reached skill level 4 in Axes
  3610 | D:4      | Found a blossoming altar of Fedhas.
  3624 | D:4      | Reached skill level 5 in Axes
  3624 | D:4      | Reached skill level 5 in Shields
  3700 | D:4      | Found a staircase to the Ecumenical Temple.
  3722 | D:4      | Reached XP level 7. HP: 59/61 MP: 6/6
  3984 | D:4      | Reached skill level 6 in Axes
  4031 | D:4      | Noticed Pikel
  4046 | D:4      | Killed Pikel
  4047 | D:4      | Reached skill level 7 in Axes
  4047 | D:4      | Reached skill level 5 in Armour
  4047 | D:4      | Reached XP level 8. HP: 62/70 MP: 7/7
  4137 | D:4      | Reached skill level 8 in Axes
  4520 | D:5      | Entered Level 5 of the Dungeon
  4521 | D:5      | Found a hide-covered altar of Uskayaw.
  4555 | D:5      | Reached skill level 1 in Stealth
  4555 | D:5      | Found a large runed translucent door.
  4559 | D:5      | Found a large runed translucent door.
  4560 | D:5      | Noticed KittyFluff's ghost (novice GrBe)
  4583 | D:5      | Killed KittyFluff's ghost
  4584 | D:5      | Reached skill level 9 in Axes
  4683 | D:5      | You fall into a shaft and drop 1 floor!
  4693 | D:6      | Reached *** piety under the Shining One
  4724 | D:6      | Got an encrusted scimitar
  4729 | D:6      | Reached XP level 9. HP: 59/78 MP: 8/8
  4800 | D:6      | Found a stormy altar of Qazlal.
  4837 | D:5      | Found an ancient bone altar of Kikubaaqudgha.
  5158 | D:5      | Found a burning altar of Makhleb.
  5158 | D:5      | Found a glowing golden altar of the Shining One.
  5521 | D:5      | Found a sparkling altar of Nemelex Xobeh.
  5602 | D:6      | Gained mutation: Scrolls take you a little longer to read.
                  | [potion of mutation]
  5602 | D:6      | Gained mutation: You have sharp fingernails. [potion of
                  | mutation]
  5621 | D:6      | Found a radiant altar of Vehumet.
  5637 | D:6      | Reached skill level 10 in Axes
  6295 | D:7      | Noticed Dowan
  6298 | D:7      | Reached **** piety under the Shining One
  6306 | D:7      | Killed Dowan
  6326 | D:7      | Noticed Duvessa
  6332 | D:7      | Killed Duvessa
  6333 | D:7      | Reached skill level 11 in Axes
  6349 | D:7      | Noticed a two-headed ogre
  6360 | D:7      | Killed a two-headed ogre
  6361 | D:7      | Reached XP level 10. HP: 57/88 MP: 9/9
  6465 | D:7      | Noticed Harold
  6475 | D:7      | Killed Harold
  6476 | D:7      | Reached skill level 12 in Axes
  6569 | D:7      | Found a white marble altar of Elyvilon.
  6759 | D:7      | Noticed Prince Ribbit
  6769 | D:7      | Killed Prince Ribbit
  6816 | D:7      | Found a blossoming altar of Fedhas.
  6972 | D:8      | Noticed a white ugly thing
  6984 | D:8      | Killed a white ugly thing
  6985 | D:8      | Reached skill level 13 in Axes
  7176 | D:8      | Noticed a centaur warrior
  7184 | D:8      | Killed a centaur warrior
  7277 | D:8      | Noticed an unseen horror
  7280 | D:8      | Found a broken altar of Ashenzari.
  7286 | D:8      | Killed an unseen horror
  7305 | D:8      | You fall into a shaft and drop 1 floor!
  7328 | D:9      | Reached ***** piety under the Shining One
  7350 | D:9      | Reached skill level 1 in Invocations
  7355 | D:9      | Reached XP level 11. HP: 32/97 MP: 10/10
  7921 | D:9      | Noticed a two-headed ogre
  7930 | D:9      | Killed a two-headed ogre
  8253 | D:9      | Got an encrusted flail
  8256 | D:9      | Identified the +2 flail of Beacsal {antimagic, +Rage rElec
                  | Str+6} (You found it on level 9 of the Dungeon)
  8336 | D:9      | Noticed an orc sorcerer
  8350 | D:9      | Killed an orc sorcerer
  8494 | D:9      | Noticed Grum
  8511 | D:9      | Killed Grum
  8939 | D:10     | Entered Level 10 of the Dungeon
  9051 | D:10     | Found a staircase to the Lair.
  9113 | Lair:1   | Entered Level 1 of the Lair of Beasts
  9290 | Lair:1   | Noticed an eight-headed hydra
  9297 | Lair:1   | Killed an eight-headed hydra
  9298 | Lair:1   | Reached skill level 5 in Maces & Flails
  9308 | Lair:1   | Reached skill level 10 in Fighting
  9337 | Lair:1   | Reached skill level 10 in Shields
  9734 | Lair:1   | Noticed a six-headed hydra
  9745 | Lair:1   | Killed a six-headed hydra
 10151 | Lair:1   | Reached XP level 12. HP: 107/107 MP: 4/14
 10510 | Lair:2   | Found a runed translucent gate.
 10510 | Lair:2   | Found a runed translucent gate.
 10510 | Lair:2   | Found a runed translucent gate.
 10524 | Lair:2   | Noticed a death ooze
 10550 | Lair:2   | Found a frozen archway.
 10577 | Lair:2   | Reached skill level 5 in Invocations
 10582 | Lair:2   | Reached ****** piety under the Shining One
 10607 | IceCv    | Entered an ice cave
 11651 | IceCv    | Noticed a frost giant
 11668 | IceCv    | Killed from afar by a frost giant

Illustrated notes

Levels and vault maps discovered:
D:1:      dpeg_arrival_prison, layout_basic, minmay_misc_feat_alley,
          doesnt_xom_only_xom
D:2:      kennysheep_the_goblin_king, layout_loops_ring,
          chequers_ecumenical_altar_simple
D:3:      layout_basic, nicolae_ru_great_annihilating_truth,
          portal_sewer_entry_b
D:4:      layout_loops_corners, minmay_temple_entry_slanted, fedhas_altar_3,
          uniq_pikel
D:5:      layout_basic, eat_drink_and_be_merry_uskayaw, nemelex_altar_shiori,
          kiku_gazebo_garden_becter, gammafunk_temple_overflow_elements,
          ebering_ghost_disaster_area
D:6:      layout_basic, nicolae_overflow_crystal_walls, basic_altar,
          nicolae_zen_rock_garden, grunt_ministairs_14
D:7:      layout_rooms, kennysheep_mini, nicolae_overflow_hidden_temple,
          uniq_duvessa, uniq_prince_ribbit1, uniq_harold
D:8:      minmay_diamond_stairs, layout_loops_cross, overflow_temple_1_default
D:9:      cheibrodos_wizards_tower, layout_grid_maze, serial_bayou,
          serial_bayou_shore_b, serial_bayou_pond_b, serial_bayou_shore_b,
          serial_bayou_pond_e, uniq_grum
D:10:     layout_rooms, erik_lair_island
Lair:1:   layout_regular_city
Lair:2:   dpeg_oklob_shooting_range, layout_regular_city,
          nicolae_spider_entry_tight_spaces, portal_ice_cave_entry_imps,
          gammafunk_ghost_ooze, minivault_25
IceCv:    ice_cave_small_giant

Skill      XL: |  1  2  3  4  5  6  7  8  9 10 11 12 |
---------------+-------------------------------------+-----
Fighting       | 4 5 6 8 9 10 11 | 11.2
Armour         | 4 5 6 8 9 |  9.1
Maces & Flails | 3 6 7 |  7.6
Shields        | 4 5 6 7 9 10 11 | 11.1
Axes           | 2 3 5 7 9 11 13 | 13.9
Dodging        | 1 2 3 4 |  4.1
Stealth        | 1 |  1.4
Invocations    | 1 4 5 |  5.8
Polearms       | |  0.6

Action                   |  1- 3 |  4- 6 |  7- 9 | 10-12 || total
-------------------------+-------+-------+-------+-------++-------
Melee: Flail             |    51 |       |       |   389 ||   440
       Whip              |    36 |       |       |       ||    36
       Headbutt          |    13 |    15 |    28 |   104 ||   160
       War axe           |    31 |   130 |   170 |   107 ||   438
       Spear             |       |     7 |       |       ||     7
Invok: Cleansing Flame   |       |       |       |     1 ||     1
 Abil: Evoke Berserk Rag |       |       |       |     5 ||     5
Evoke: Wand              |       |       |       |     3 ||     3
  Use: Scroll            |       |       |     8 |     8 ||    16
       Potion            |       |       |     6 |     6 ||    12
Armor: Scale mail        |    49 |    44 |       |       ||    93
       Troll leather arm |       |    14 |    30 |       ||    44
       Chain mail        |       |       |       |   287 ||   287
Dodge: Dodged            |    29 |    36 |    55 |   196 ||   316
Block: Kite shield       |    55 |    76 |    63 |   359 ||   553
